 Dungeon Crawl Stone Soup version 0.31.0-1-g2c135a008e (webtiles) character file.

Game seed: 3136005531072728428

507 qw the Shooter (level 7, -10/52 HPs)
             Began as a Djinni Hunter on Jan 23, 2024.
             Mangled by an ogre
             ... wielding a +0 giant club
              (12 damage)
             ... on level 4 of the Dungeon.
             The game lasted 00:00:12 (3167 turns).

qw the Shooter (Djinni Hunter)                      Turns: 3167, Time: 00:00:13

Health: -10/52     AC: 11    Str: 10    XL:     7   Next: 42%
Gold:   264        EV: 12    Int:  6    God:
                   SH:  0    Dex: 22

rFire   + + .        c - +1 sling of Waimiq {heavy, rN++ Int-4 Dex+3}
rCold   x . .        (no shield)
rNeg    + + .        f - +0 ring mail
rPois   inf          b - +2 helmet
rElec   .            d - +1 cloak
rCorr   .            e - +0 pair of gloves
SInv    .            (boots unavailable)
Will    .....        (no amulet)
Stlth   +            (no ring)
HPRegen 0.28/turn    (no ring)
MPRegen 0.00/turn

%: infuse magic (-11 HP)
@: flying
A: sickness immunity, fire resistance 2, cold vulnerability 1, float, innate
caster, HP casting, extra vitality 1
a: no special abilities


You were on level 4 of the Dungeon.
You visited 1 branch of the dungeon, and saw 4 of its levels.

You collected 264 gold pieces.


Innate Abilities, Weirdness & Mutations

You are immune to sickness and miasma.
You are immune to poison.
Your flesh is very heat resistant. (rF++)
You are vulnerable to cold. (rC-)
You float through the air rather than walking.
You learn spells naturally, not from books.
Your magical power is your life essence.
You have superior vitality. (+4 MHP)


   Skills:
 - Level 4.0 Fighting
 + Level 5.3 Ranged Weapons
 - Level 2.7 Armour
 - Level 3.3 Dodging
 - Level 0.7 Stealth


You knew the following spells:

 Your Spells              Type           Power      Damage    Failure   Level
a - Magic Dart            Conj           0%         1d3       77%         1
b - Jinxbite              Hex            0%         N/A       88%         2
c - Call Imp              Summ           0%         N/A       88%         2
Your spell library was empty.

Inventory:

Hand Weapons
 c - the +1 sling of Waimiq (weapon) {heavy, rN++ Int-4 Dex+3}
   (You took it off a goblin on level 2 of the Dungeon)

   Int-4:     It affects your intelligence (-4).
   Dex+3:     It affects your dexterity (+3).
   rN++:      It greatly protects you from negative energy.
Armour
 b - a +2 helmet (worn)
 d - a +1 cloak (worn)
 e - a +0 pair of gloves (worn)
 f - a +0 ring mail (worn)
Wands
 g - a wand of flame (8)
 n - a wand of paralysis (9)
Scrolls
 k - a scroll of identify
Potions
 a - a potion of heal wounds {unknown}
 h - 3 potions of curing
 i - a potion of brilliance {unknown}
 j - a potion of enlightenment
 l - a potion of haste {unknown}
 m - a potion of might

Dungeon Overview and Level Annotations

Branches:
Dungeon (4/15)
 Temple: D:4-7

Altars:
Makhleb
Qazlal


Message History

The gnoll is almost dead.
The gnoll is no longer moving quickly.
The gnoll closely misses you. The gnoll hits you with a +0 whip.
You shoot a sling bullet. The sling bullet hits the gnoll!
You kill the gnoll!
You start resting.
HP restored.
Things that are here:
a +0 flail; a +0 club; a +0 robe An ogre comes into view.
It is wielding a +0 giant club.
The ogre moves out of view.
The ogre shouts!
You shoot a sling bullet. The sling bullet hits the ogre.
The ogre is lightly wounded.
You shoot a sling bullet.
The sling bullet closely misses the ogre.
The ogre hits you with a +0 giant club!!
Ouch! That really hurt!
You shoot a sling bullet. The sling bullet hits the ogre!
The ogre is severely wounded.
The ogre closely misses you.
You shoot a sling bullet.
The sling bullet barely misses the ogre.
The ogre closely misses you.
You shoot a sling bullet.
The sling bullet barely misses the ogre.
The ogre hits you with a +0 giant club. The ogre hits you with a +0 giant club!
You shoot a sling bullet. The sling bullet hits the ogre!
The ogre is almost dead.
The ogre barely misses you.
You shoot a sling bullet.
The sling bullet barely misses the ogre.
The ogre hits you with a +0 giant club!
You shoot a sling bullet.
The sling bullet completely misses the ogre.
The ogre barely misses you.
You shoot a sling bullet.
The sling bullet barely misses the ogre.
The ogre hits you with a +0 giant club!
You die...

#.>...7..7.7..7...###.#..#.#.#.#
........77.77.........#........#
........%................%..#....
................#.#####.##.###.##
#.......#.###.......# #...## ##<#
##.....##.# #.#.#.#.# ####.###.##
##...###.##......#.# ##.#.##
##'## ....#O###.# ##)## #.#
###.##.@...# #)# #.# #. #######
#.# ##.## # #)# ##>..######.# #.#
#...........# #.# ##...########
#.# #.#.# #.> ###...# .....##


You could see an ogre.

Vanquished Creatures
  A black bear (D:4)
  A scorpion (D:4)
  2 hounds
  2 gnoll boudas (D:4)
  Ijyb (D:3)
  An orc wizard (D:3)
  4 adders
  7 gnolls (D:4)
  3 dart slugs (D:3)
  4 ribbon worms
  4 orcs (D:3)
  8 ball pythons
  4 endoplasms
  2 giant cockroaches
  7 goblins
  8 hobgoblins
  9 kobolds
  2 quokkas
  5 bats
  A frilled lizard (D:3)
  3 rats (D:1)
79 creatures vanquished.

Notes
Turn   | Place    | Note
-------+----------+-------------------------------------------
     0 | D:1      | qw the Djinni Hunter began the quest for the Orb.
     0 | D:1      | Reached XP level 1. HP: 18/18 MP: 0/0
     0 | D:1      | 0 ||| qw: Version: 0.3-a-136-gdd3b4e8
     0 | D:1      | 0 ||| qw: Game counter: 1011
     0 | D:1      | 0 ||| qw: Melee chars always use a shield: true
     0 | D:1      | 0 ||| qw: God list: Okawaru
     0 | D:1      | 0 ||| qw: Allow faded altars: false
     0 | D:1      | 0 ||| qw: Do Orc after clearing Dungeon:15 true
     0 | D:1      | 0 ||| qw: Do second Lair branch before Depths: true
     0 | D:1      | 0 ||| qw: Lair rune preference: random
     0 | D:1      | 0 ||| qw: Goals: Normal
     0 | D:1      | 0 ||| PLANNING D:1-11
   103 | D:1      | Reached XP level 2. HP: 23/23 MP: 0/0
   177 | D:1      | Found a faded altar of an unknown god.
   295 | D:1      | Reached XP level 3. HP: 28/28 MP: 0/0
   295 | D:1      | Learned a level 1 spell: Magic Dart
   327 | D:1      | Reached skill level 4 in Ranged Weapons
   502 | D:1      | 502 ||| DROPPING +2 sling of flaming.
   923 | D:1      | 923 ||| UPGRADING to +0 pair of gloves.
   928 | D:1      | 928 ||| UPGRADING to +0 ring mail.
   938 | D:1      | 938 ||| DROPPING +0 leather armour.
   939 | D:1      | 939 ||| READING 2 scrolls labelled RUTIS YWNIE.
   942 | D:1      | 942 ||| READING 3 scrolls labelled NIABLA QEIDENU.
   942 | D:1      | 942 ||| IDENTIFYING smoky golden potion
   943 | D:1      | 943 ||| READING 2 scrolls of identify.
   943 | D:1      | 943 ||| IDENTIFYING fizzy ruby potion
   944 | D:1      | 944 ||| READING scroll of identify.
   944 | D:1      | 944 ||| IDENTIFYING clear potion
   945 | D:1      | 945 ||| READING scroll labelled ZUNGUWK VEOGATO.
   946 | D:1      | 946 ||| READING scroll labelled AKOROU DOKHYEX.
  1047 | D:1      | 1047 ||| DRINKING 2 pink potions.
  1048 | D:1      | 1048 ||| DROPPING scroll of butterflies.
  1049 | D:1      | 1049 ||| DROPPING potion of berserk rage.
  1071 | D:2      | 1071 ||| STAIRDANCE
  1083 | D:2      | Reached skill level 1 in Armour
  1466 | D:2      | Reached XP level 4. HP: 33/34 MP: 0/0
  1573 | D:2      | Identified the +1 sling of Waimiq {heavy, rN++ Int-4 Dex+3}
  1634 | D:2      | 1634 ||| SWAPPING to +1 sling of Waimiq {heavy, rN++ Int-4
                  | Dex+3}.
  1635 | D:2      | 1635 ||| DROPPING +0 shortbow.
  1668 | D:2      | Reached skill level 3 in Fighting
  1943 | D:2      | 1943 ||| UPGRADING to +2 helmet.
  1948 | D:2      | 1948 ||| READING scroll labelled UTAODI CICH.
  1949 | D:2      | 1949 ||| READING scroll labelled DYRIB DOATUAWOASH.
  2075 | D:3      | Found a burning altar of Makhleb.
  2369 | D:3      | Noticed Ijyb
  2379 | D:3      | Killed Ijyb
  2379 | D:3      | HP: 7/35 [something/magic dart (6)]
  2380 | D:3      | Reached skill level 3 in Dodging
  2380 | D:3      | Reached XP level 5. HP: 8/40 MP: 0/0
  2380 | D:3      | Learned a level 2 spell: Jinxbite
  2380 | D:3      | 2380 ||| READING 2 scrolls of teleportation.
  2381 | D:3      | HP: 3/40 [something (1)]
  2383 | D:3      | 2383 ||| READING scroll of teleportation.
  2389 | D:3      | HP: 3/40 [something (3)]
  2394 | D:3      | 2394 ||| DRINKING potion of curing.
  2394 | D:3      | 2394 ||| (to cure confusion)
  2771 | D:3      | Reached XP level 6. HP: 40/46 MP: 0/0
  2797 | D:3      | 2797 ||| UPGRADING to +1 cloak.
  2802 | D:3      | 2802 ||| READING scroll labelled DIQAMUCEFA.
  2845 | D:4      | Reached skill level 5 in Ranged Weapons
  2942 | D:4      | Found a stormy altar of Qazlal.
  3038 | D:4      | Noticed a black bear
  3039 | D:4      | 3039 ||| ZAPPING wand of flame (13) at 2,-3 (black bear;
                  | floor).
  3040 | D:4      | 3040 ||| ZAPPING wand of flame (12) at 1,-2 (black bear;
                  | floor).
  3041 | D:4      | 3041 ||| ZAPPING wand of flame (11) at 0,-1 (black bear;
                  | floor).
  3042 | D:4      | 3042 ||| ZAPPING wand of flame (10) at 0,-1 (black bear;
                  | floor).
  3043 | D:4      | 3043 ||| ZAPPING wand of flame (9) at 0,-1 (black bear;
                  | floor).
  3043 | D:4      | Killed a black bear
  3044 | D:4      | Reached XP level 7. HP: 52/52 MP: 0/0
  3044 | D:4      | Learned a level 2 spell: Call Imp
  3163 | D:4      | HP: 10/52 [ogre/+0 giant club (15)]
  3165 | D:4      | HP: 1/52 [ogre/+0 giant club (10)]
  3167 | D:4      | Mangled by an ogre

Levels and vault maps discovered:
D:1:      dpeg_arrival_brainrot, layout_basic,
          shapermc_ecumenical_altar_totnotflames, chequers_serial_rivers_micro_d
D:2:      layout_loops_corners, grunt_ministairs_15
D:3:      kennysheep_six_static_rooms, layout_basic, jmf_multi_god_temple,
          minivault_19, uniq_ijyb
D:4:      layout_loops_corners, mainiacjoe_overflow_boulevard,
          mainiacjoe_overflow_small_starburst, nemelex_diamond_rough_becter

Skill      XL: |  1  2  3  4  5  6 |
---------------+-------------------+-----
Ranged Weapons | 4 5 |  5.3
Armour         | 1 2 |  2.7
Fighting       | 3 4 |  4.0
Dodging        | 3 |  3.3
Stealth        | |  0.7

Action                     |  1- 3 |  4- 6 |  7- 9 || total
---------------------------+-------+-------+-------++-------
   Fire: Shortbow          |    94 |    21 |       ||   115
         Sling             |       |   102 |    24 ||   126
  Evoke: Wand              |       |     5 |       ||     5
    Use: Scroll            |     6 |     5 |       ||    11
         Potion            |     1 |     1 |       ||     2
 Armour: Leather armour    |     8 |       |       ||     8
         Ring mail         |    11 |    91 |    13 ||   115
  Dodge: Dodged            |    23 |    61 |    19 ||   103

Table legend:
 A = Non-vault XP
 B = Vault XP
 C = Vault XP percentage of total XP
 D = Non-vault monster count
 E = Vault monster count
 F = Vault count percentage of total count
                 A         B        C        D         E       F
            +---------+---------+-------+---------+---------+-------
      Total |     623 |     102 |  14.1 |      67 |      12 |  15.2
            +---------+---------+-------+---------+---------+-------
        D:1 |      50 |       4 |   7.4 |      24 |       1 |   4.0
        D:2 |      44 |       3 |   6.4 |      15 |       2 |  11.8
        D:3 |      79 |      95 |  54.6 |      14 |       9 |  39.1
        D:4 |     450 |       0 |   0.0 |      14 |       0 |   0.0
            +---------+---------+-------+---------+---------+-------
